Map: [ESL] Babylon

Players

ShoWTimE

  • Race: Protoss Protoss
  • Spawn Location: 11:00

Wayne - Winner!

  • Race: Zerg Zerg
  • Spawn Location: 5:00

Event: ESL SC2 Masters 2023 Summer (Regionals)

VOD

Have the link to the VOD?

Description

Time

  • Played on: May 2, 2023, 12:17 p.m.
  • Length: 11:40

All games in this series

Show
View Real Time Build Order
Export as new Build Order

ShoWTimE Protoss 

Build Orders: 1 Gate Expand, Oracle Opening 

Get SALT Encoding   

  12  0:00  Probe  
  13  0:12  Probe  
  14  0:19  Pylon  
  14  0:24  Probe  
  15  0:37  Probe (Chrono Boost)  
  15  0:40  Gateway  
  16  0:46  Probe (Chrono Boost)  
  17  0:50  Assimilator  
  17  0:51  Probe (Chrono Boost)  
  18  1:04  Probe  
  19  1:16  Probe  
  20  1:27  Nexus  
  20  1:36  Cybernetics Core  
  20  1:39  Probe  
  21  1:45  Assimilator  
  21  1:51  Probe  
  21  1:53  Pylon  
  22  2:03  Probe  
  23  2:10  Adept (Chrono Boost)  
  23  2:15  Probe  
  26  2:23  Stargate  
  26  2:27  Probe (Chrono Boost)  
  27  2:30  Adept (Chrono Boost)  
  27  2:36  Warp Gate  
  29  2:38  Probe (Chrono Boost)  
  31  2:45  Probe (Chrono Boost)  
  31  2:48  Probe (Chrono Boost)  
  32  2:52  Probe (Chrono Boost), Adept  
  32  2:53  Probe (Chrono Boost)  
  36  3:03  Probe  
  36  3:05  Probe  
  38  3:06  Oracle (Chrono Boost)  
  38  3:08  Pylon  
  41  3:15  Probe  
  41  3:17  Probe  
  43  3:22  Adept  
  45  3:28  Probe, Gateway  
  45  3:29  Probe  
  45  3:31  Pylon  
  47  3:38  Oracle (Chrono Boost)  
  47  3:40  Probe  
  51  3:41  Probe  
  48  3:52  Probe  
  48  3:53  Probe  
  48  4:01  Nexus  
  48  4:03  Pylon  
  48  4:04  Probe  
  48  4:06  Probe  
  48  4:09  Oracle (Chrono Boost)  
  53  4:17  Assimilator  
  53  4:18  Probe, Assimilator  
  53  4:19  Probe  
  55  4:24  Adept  
  55  4:25  Adept  
  55  4:30  Pylon  
  55  4:31  Probe  
  60  4:34  Probe  
  61  4:43  Twilight Council, Forge  
  61  4:45  Probe  
  58  4:47  Probe  
  59  4:53  Adept x2  
  59  4:57  Gateway  
  59  4:58  Probe  
  59  4:59  Probe  
  65  5:07  Gateway  
  65  5:08  Protoss Ground Weapons Level 1 (Chrono Boost)  
  65  5:10  Probe  
  65  5:11  Probe, Blink (Chrono Boost)  
  67  5:17  Probe  
  68  5:22  Probe, Stalker  
  68  5:23  Probe  
  68  5:27  Probe, Stalker  
  74  5:31  Probe  
  74  5:34  Probe  
  74  5:35  Probe  
  77  5:39  Probe  
  78  5:44  Probe  
  78  5:46  Probe, Pylon, Shield Battery  
  81  5:50  Probe  
  81  5:56  Probe, Stalker x2  
  85  5:58  Probe, Assimilator  
  85  6:02  Probe  
  85  6:03  Pylon, Assimilator  
  85  6:07  Robotics Facility  
  85  6:08  Probe  
  85  6:10  Probe  
  87  6:18  Gateway x2  
  87  6:19  Stalker x2  
  91  6:25  Gateway  
  91  6:27  Gateway  
  91  6:28  Photon Cannon  
  91  6:32  Stalker x2  
  95  6:37  Pylon  
  95  6:40  Photon Cannon  
  95  6:47  Stalker x2  
  99  6:55  Observer, Stalker x2  
  99  7:00  Robotics Bay  
  104  7:03  Robotics Facility  
  104  7:07  Charge  
  104  7:08  Pylon  
  104  7:09  Pylon  
  104  7:10  Stalker  
  104  7:11  Stalker  
  104  7:14  Stalker x2  
  112  7:18  Warp Prism (Chrono Boost)  
  114  7:23  Pylon  
  114  7:32  Shield Battery  
  114  7:33  Shield Battery  
  114  7:36  Pylon, Stalker x3  
  120  7:51  Disruptor  
  123  7:52  Disruptor  
  123  7:56  Pylon  
  126  7:58  Pylon  
  126  8:01  Nexus  
  126  8:03  Protoss Ground Weapons Level 2 (Chrono Boost)  
  126  8:10  Pylon x2  
  126  8:23  Stalker x5  
  126  8:26  Disruptor (Chrono Boost)  
  139  8:27  Disruptor (Chrono Boost)  
  136  8:34  Stalker x2  
  136  8:35  Stalker  
  136  8:38  Probe x2  
  136  8:39  Probe  
  143  8:42  Photon Cannon  
  143  8:50  Probe  
  143  8:51  Probe, Shield Battery  
  143  8:52  Probe  
  143  8:55  Assimilator  
  146  8:57  Assimilator  
  146  9:00  Templar Archives  
  146  9:01  Disruptor  
  149  9:03  Probe  
  149  9:09  Zealot x3  
  153  9:11  Zealot  
  153  9:16  Disruptor  
  158  9:28  Zealot x4  
  158  9:29  Zealot  
  168  9:37  Pylon  
  166  9:38  Pylon  
  166  9:40  Zealot x3  
  137  9:55  Disruptor (Chrono Boost)  
  137  9:56  Disruptor (Chrono Boost)  
  137  10:01  Stalker x2  
  137  10:02  Stalker x4  
  123  10:17  Stalker x2  
  105  10:25  Stalker x6  
  109  10:29  Probe x2, Disruptor x2 (Chrono Boost)  
  109  10:30  Probe  
  118  10:37  Probe  
  118  10:41  Probe x2  
  118  10:42  Probe  
  122  10:45  High Templar x2  
  122  10:47  Shield Battery  
  126  11:02  Stalker x5  
  133  11:08  Archon  
  128  11:13  Zealot  
  102  11:21  Zealot x2  
Show
View Real Time Build Order
Export as new Build Order

Wayne Zerg - Winner!

Build Orders: Hatch First, Lurkers 

Get SALT Encoding   

  12  0:00  Drone  
  13  0:12  Overlord  
  13  0:17  Drone  
  14  0:30  Drone  
  14  0:31  Drone  
  16  0:48  Hatchery  
  15  0:51  Drone  
  15  0:55  Drone  
  17  0:58  Drone  
  18  1:08  Extractor  
  17  1:14  Spawning Pool  
  17  1:17  Drone  
  17  1:20  Drone  
  18  1:27  Drone  
  19  1:39  Drone  
  20  1:50  Overlord  
  20  2:00  Queen  
  20  2:01  Queen, Zergling x4  
  26  2:12  Drone x2, Metabolic Boost  
  28  2:22  Drone x2  
  30  2:36  Hatchery  
  29  2:40  Zergling x2  
  29  2:41  Drone  
  31  2:48  Queen  
  33  2:51  Zergling x2  
  33  2:58  Overlord  
  33  3:00  Drone x2  
  35  3:08  Drone  
  36  3:16  Queen  
  36  3:17  Drone  
  36  3:18  Drone x2, Zergling x4  
  43  3:26  Overlord  
  43  3:28  Zergling x2  
  43  3:42  Drone  
  43  3:44  Queen  
  43  3:47  Drone x4  
  48  3:50  Queen, Spore Crawler  
  47  3:59  Zergling x10  
  47  4:01  Zergling x2  
  53  4:04  Zergling x2  
  53  4:08  Spore Crawler  
  53  4:15  Overlord, Spore Crawler  
  53  4:17  Drone x3  
  53  4:18  Drone  
  57  4:25  Overlord  
  57  4:26  Drone  
  58  4:36  Overlord  
  58  4:38  Drone x4  
  61  4:44  Overlord  
  61  4:45  Drone x3  
  62  4:49  Lair  
  62  4:53  Drone x3  
  62  4:54  Evolution Chamber  
  62  4:57  Drone x2  
  66  5:04  Drone x5  
  66  5:05  Drone  
  71  5:09  Drone x3  
  74  5:15  Spore Crawler  
  74  5:17  Extractor  
  74  5:18  Extractor x2  
  74  5:19  Extractor  
  74  5:21  Extractor, Drone x3, Roach Warren  
  71  5:23  Drone  
  71  5:24  Drone  
  71  5:27  Drone x3  
  75  5:28  Drone  
  75  5:34  Zerg Missile Weapons Level 1  
  75  5:35  Drone x4  
  80  5:37  Drone  
  80  5:39  Drone  
  82  5:48  Overlord  
  82  5:52  Drone x2  
  82  5:54  Hatchery  
  79  5:57  Infestation Pit  
  79  5:59  Drone x2  
  79  6:03  Glial Reconstitution  
  79  6:04  Overlord  
  80  6:09  Roach x5  
  87  6:14  Drone x3  
  89  6:20  Drone  
  89  6:21  Drone x2  
  92  6:26  Drone  
  92  6:31  Hydralisk Den  
  92  6:32  Drone x4  
  96  6:35  Overseer  
  96  6:37  Hive  
  104  6:40  Roach x4  
  104  6:46  Overlord  
  104  6:47  Overlord  
  104  6:50  Ravager  
  104  6:51  Overlord  
  105  6:54  Zergling x2  
  105  6:57  Overlord x2  
  106  7:04  Lurker Den  
  106  7:07  Roach x7  
  119  7:11  Drone x3  
  122  7:19  Extractor  
  122  7:20  Extractor  
  122  7:21  Drone x2  
  122  7:22  Drone x2, Overlord  
  123  7:23  Zergling x10  
  123  7:25  Zergling x4  
  123  7:27  Zergling x2  
  131  7:31  Zerg Missile Weapons Level 2  
  131  7:34  Drone  
  131  7:36  Overlord  
  132  7:43  Roach x5  
  141  7:48  Roach x4  
  149  7:55  Hydralisk  
  149  7:56  Hydralisk x2  
  155  7:58  Viper  
  157  8:07  Seismic Spines  
  157  8:12  Overlord  
  155  8:15  Viper  
  158  8:20  Overlord  
  158  8:23  Overlord x3  
  158  8:32  Zergling x2  
  152  8:35  Overlord  
  152  8:39  Hydralisk x4  
  160  8:46  Viper  
  160  8:48  Hydralisk x4, Lurker x3  
  166  8:52  Drone x2  
  166  8:54  Spine Crawler  
  175  8:55  Spine Crawler  
  175  9:00  Spore Crawler  
  172  9:03  Drone x2  
  172  9:04  Adaptive Talons  
  172  9:05  Lurker  
  172  9:06  Lurker x3  
  177  9:11  Overlord  
  177  9:12  Hydralisk x4  
  177  9:16  Lurker  
  184  9:24  Zergling x2  
  184  9:25  Zergling x14  
  189  9:33  Hydralisk x5  
  189  9:38  Roach x3  
  199  9:40  Hydralisk  
  180  9:56  Hydralisk x2  
  180  9:57  Hydralisk x5  
  178  10:02  Zergling x8  
  182  10:08  Zergling x10  
  182  10:10  Lurker x2  
  180  10:17  Zergling x12  
  171  10:23  Zergling x10  
  157  10:29  Lurker x2  
  157  10:30  Zergling x6  
  157  10:32  Lurker  
  157  10:35  Lurker x3  
  166  10:39  Lurker x2  
  166  10:40  Zergling x2  
  171  10:43  Roach  
  171  10:46  Lurker  
  169  10:53  Zergling x14  
  169  10:54  Zergling x6  
  173  11:01  Zergling x2  
  173  11:02  Zergling x6  
  174  11:08  Zergling x10  
  174  11:11  Hydralisk x3  
  149  11:16  Hydralisk  
  149  11:17  Roach  
Tags
 
Add a new tag
Caveats
  • Supply blocks, unpowered buildings, or Contaminate may cause inaccurate times.
  • Supply counts are checked every 10 seconds.